 Dungeon Crawl Stone Soup version 0.21.1-1-g345015f (webtiles) character file.

371 Fang the Chopper (level 6, -4/39 HPs)
             Began as a Gargoyle Berserker on June 6, 2018.
             Was an Elder of Trog.
             Slain by an orc warrior
             ... wielding a +0 short sword
              (10 damage)
             ... on level 4 of the Dungeon.
             The game lasted 00:03:45 (3384 turns).

Fang the Chopper (Gargoyle Berserker)               Turns: 3384, Time: 00:03:45

Health: -4/39      AC:  8    Str: 23    XL:     6   Next: 71%
Magic:  6/6        EV: 12    Int:  7    God:    Trog [****..]
Gold:   212        SH:  0    Dex:  9    Spells: 5/5 levels left

rFire    . . .     SeeInvis .   a - +0 hand axe
rCold    . . .     Gourm    .   (no shield)
rNeg     + . .     Faith    .   b - +0 animal skin
rPois    ∞         Spirit   .   i - +2 hat
rElec    +         Reflect  .   (no cloak)
rCorr    .         Harm     .   (no gloves)
MR       .....                  (no boots)
Stlth    ++........             (no amulet)
HPRegen  0.13/turn              (no ring)
MPRegen  0.10/turn              (no ring)

@: berserk cooldown, slowed, very slow
A: negative energy resistance 1, electricity resistance, unbreathing,
petrification resistance, rot immunity, AC +4
a: Berserk, Trog's Hand, Brothers in Arms, Burn Spellbooks, Renounce Religion


You were on level 4 of the Dungeon.
You worshipped Trog.
Trog was greatly pleased with you.
You were very hungry.

You visited 1 branch of the dungeon, and saw 4 of its levels.

You collected 212 gold pieces.

Inventory:

Hand Weapons
 a - a +0 hand axe (weapon)
Armour
 b - a +0 animal skin (worn)
 i - a +2 hat (worn)
Jewellery
 j - an uncursed ring of fire {unknown}
Scrolls
 e - 6 scrolls of identify {unknown}
 g - a scroll of remove curse {unknown}
 h - a scroll of amnesia {unknown}
 l - a scroll of fog {unknown}
 m - 2 scrolls of noise {unknown}
 n - a scroll of immolation {unknown}
Potions
 d - a potion of agility {unknown}
 f - a potion of invisibility {unknown}
 k - 3 potions of curing {unknown}
 p - a potion of mutation {unknown}
Books
 o - a book of Minor Magic

   Spells                             Type                      Level
   a - Magic Dart                     Conjuration                  1
   b - Blink                          Translocation                2
   c - Call Imp                       Summoning                    2
   d - Slow                           Hexes                        2
   e - Conjure Flame                  Conjuration/Fire             3
   f - Mephitic Cloud                 Conjuration/Poison/Air       3
   Trog disapproves of the use of such an item.
 q - a book of Maledictions

   Spells                             Type                      Level
   a - Corona                         Hexes                        1
   b - Ensorcelled Hibernation        Hexes/Ice                    2
   c - Confuse                        Hexes                        3
   d - Tukima's Dance                 Hexes                        3
   e - Dazzling Spray                 Conjuration/Hexes            3
   Trog disapproves of the use of such an item.
Comestibles
 c - 10 rations


   Skills:
 + Level 4.4 Fighting
 + Level 5.2 Axes
 + Level 2.3 Armour
 + Level 2.6 Dodging
 + Level 2.1 Stealth


You had 5 spell levels left.
You didn't know any spells.

Dungeon Overview and Level Annotations

Branches:
Dungeon (4/15)
 Temple: D:4-7

Altars:
Ru
Vehumet
Wu Jian


Innate Abilities, Weirdness & Mutations

You are resistant to torment.
Your stone body is resilient. (AC +4)
You are immune to poison.
You resist negative energy. (rN+)
You are resistant to electric shocks. (rElec)
You can survive without breathing.
You are immune to petrification.
You are immune to rotting.


Message History

You hit the orc warrior but do no damage.
The orc warrior is almost dead.
You hit the adder.
You kill the adder!
Trog accepts your kill.
The orc warrior hits you but does no damage.
The orc warrior hits you with a short sword.
Unknown command.
You are too injured to fight recklessly!
Unknown command.
You are too injured to fight recklessly!
You barely miss the orc warrior.
The orc warrior is almost dead.
The orc warrior hits you with a short sword!
* * * LOW HITPOINT WARNING * * *
Unknown command.
You hit the orc warrior but do no damage.
The orc warrior is almost dead.
The orc warrior hits you with a short sword!
You die...

#........
.......
####...... #
.........
##.
#..........
#....).#.#
#....†o).#
#...(†@#
#......###
#...#.<..#
#.. #$...#
#. ........#
#..###...###
#. ...%# #
#...# #.#.#


You could see an orc warrior.

Vanquished Creatures
  Crazy Yiuf (D:3)
  2 orc wizards (D:4)
  Jessica (D:3)
  Natasha (twice) (D:3)
  9 adders
  2 oozes
  A worm (D:3)
  4 dart slugs
  A leopard gecko (D:3)
  8 orcs
  2 ball pythons
  14 goblins
  14 hobgoblins
  4 jackals (D:1)
  13 kobolds
  2 quokkas
  16 bats
  4 frilled lizards
  5 rats
105 creatures vanquished.

Notes
Turn   | Place    | Note
-------+----------+-------------------------------------------
     0 | D:1      | Fang the Gargoyle Berserker began the quest for the Orb.
     0 | D:1      | Reached XP level 1. HP: 14/14 MP: 1/1
    45 | D:1      | Reached skill level 3 in Axes
    45 | D:1      | Reached XP level 2. HP: 19/19 MP: 2/2
   228 | D:1      | Reached ** piety under Trog
   309 | D:1      | Reached XP level 3. HP: 22/24 MP: 3/3
  1026 | D:2      | Reached XP level 4. HP: 29/29 MP: 4/4
  1243 | D:2      | Found a sacrificial altar of Ru.
  1254 | D:2      | Reached *** piety under Trog
  1254 | D:2      | Reached skill level 4 in Axes
  1314 | D:2      | Found a radiant altar of Vehumet.
  1740 | D:3      | Reached XP level 5. HP: 30/33 MP: 5/5
  1758 | D:3      | Noticed Natasha
  1766 | D:3      | Killed Natasha
  1766 | D:3      | Reached skill level 1 in Stealth
  2303 | D:3      | Noticed Jessica
  2308 | D:3      | Killed Jessica
  2315 | D:3      | Found an ornate altar of the Wu Jian Council.
  2519 | D:3      | Reached XP level 6. HP: 29/38 MP: 6/6
  2763 | D:3      | Found a runed door.
  2929 | D:3      | Noticed Crazy Yiuf
  2935 | D:3      | Killed Crazy Yiuf
  2964 | D:3      | Noticed Natasha
  2974 | D:3      | Killed Natasha
  2974 | D:3      | Reached skill level 5 in Axes
  3369 | D:4      | Noticed an orc warrior
  3373 | D:4      | Reached **** piety under Trog
  3384 | D:4      | Slain by an orc warrior

Skill      XL: |  1  2  3  4  5  6 |
---------------+-------------------+-----
Axes           | 3 4 5 |  5.2
Dodging        | 2 |  2.6
Fighting       | 4 |  4.4
Stealth        | 1 2 |  2.1
Armour         | |  2.3

Action                   |  1- 3 |  4- 6 || total
-------------------------+-------+-------++-------
Melee: Hand axe          |   115 |   221 ||   336
Invok: Berserk           |     1 |     3 ||     4
 Stab: Sleeping          |     1 |     3 ||     4
  Eat: Chunk             |     1 |    10 ||    11
Armor: Animal skin       |    42 |    82 ||   124
Dodge: Dodged            |    83 |   137 ||   220
